 Dungeon Crawl Stone Soup version 0.28-a0-834-g1a73be5ee4 (webtiles) character file.

Game seed: 1395467349271822525

0 spiderkeys the Skirmisher (level 1, -26/14 HPs)
             Began as a Tengu Abyssal Knight on Nov 11, 2021.
             Was a Follower of Lugonu.
             Annihilated by a large abomination (31 damage)
             ... on level 5 of the Abyss.
             The game lasted 00:01:55 (201 turns).

spiderkeys the Skirmisher (Tengu Abyssal Knight)     Turns: 201, Time: 00:01:56

Health: -26/14     AC:  3    Str: 13    XL:     1   Next: 0%
Magic:  3/3        EV: 11    Int: 10    God:    Lugonu [*.....]
Gold:   86         SH:  0    Dex: 14    Spells: 0/0 levels left

rFire   . . .      SeeInvis .   c - +0 hunting sling
rCold   . . .      Faith    .   (no shield)
rNeg    . . .      Spirit   .   b - +0 leather armour
rPois   .          Reflect  .   (helmet restricted)
rElec   .          Harm     .   (no cloak)
rCorr   .          Rampage  .   (no gloves)
Will    .....                   (boots unavailable)
Stlth   +.........              (no amulet)
HPRegen 0.04/turn               (no ring)
MPRegen 0.08/turn               (no ring)

@: no status effects
A: beak, talons 3
a: Renounce Religion, Depart the Abyss


You were on level 5 of the Abyss.
You worshipped Lugonu.
Lugonu was aware of your devotion.
You visited 0 branches of the dungeon, and saw 0 of its levels.
You visited the Abyss 1 time.

You collected 86 gold pieces.


Innate Abilities, Weirdness & Mutations

You have a beak for a mouth.
You have claws for feet.


   Skills:
 + Level 3.0 Fighting
 + Level 2.1 Polearms
 + Level 2.1 Armour
 + Level 1.1 Dodging
 + Level 1.5 Invocations


You couldn't memorise any spells.
You didn't know any spells.
Your spell library was empty.

Inventory:

Hand Weapons
 a - a +1 spear
 c - a +0 hunting sling (weapon)
   (You found it on level 1 of the Abyss)
Missiles
 d - 20 sling bullets (quivered ammo)
Armour
 b - a +0 leather armour (worn)
Wands
 f - a wand of charming (3)
   (You found it on level 2 of the Abyss)
Scrolls
 g - 2 scrolls of fog
Potions
 e - a potion of curing {unknown}
 h - a potion of might {unknown}

Dungeon Overview and Level Annotations

Branches:
Dungeon (0/15)

Altars:

######
#####....####
#@X..#....#.
###...w..#. #
#####X..#..#
#....##...#
#....##.####
≈#. .## ##.#
. #...# ≈ .#
.#. .. ..#
#.(## # ≈. #
.#.. #. #.#.#
. #. .#. .# .
.#.X## ..


You could see a tentacled starspawn, a large abomination and a starspawn
tentacle.


Message History

You now have 86 gold pieces (gained 36).
Aiming: Charm
Press: ? - help, Shift-Dir - straight line, f - large abomination
Aim: a large abomination (translocational energy, wandering, hasn't noticed you, chance to affect: 1%)
Okay, then.
There is a gateway leading deeper into the Abyss here.
You plunge deeper into the Abyss.
The abyssal rune of Zot can be found at this depth.
Found a gateway leading deeper into the Abyss.
There is a gateway leading deeper into the Abyss here.
You plunge deeper into the Abyss.
The abyssal rune of Zot can be found at this depth.
Found a gateway leading deeper into the Abyss.
g - 3 scrolls labelled LEKHLU TAUGIMOYPI
Found a gateway leading deeper into the Abyss.
h - an amethyst potion
As you read the scroll labelled LEKHLU TAUGIMOYPI, it crumbles to dust.
The scroll dissolves into smoke.
It was a scroll of fog.
You enter the shallow water.
Moving in this stuff is going to be slow.
There is a gateway leading deeper into the Abyss here.
You plunge deeper into the Abyss.
The abyssal rune of Zot can be found at this depth.
Found a ring mail, an amethyst potion, a whip and 17 gold pieces.
Found a gateway leading out of the Abyss.
Aiming: Charm
Press: ? - help, Shift-Dir - straight line, f - tentacled starspawn
Aim: a tentacled starspawn (translocational energy, wandering, hasn't noticed you, chance to affect: 0%)
Okay, then.
A large abomination comes into view.
Tentacles burst from the starspawn's body! 2 starspawn tentacles come into view.
You see here an amethyst potion.
The starspawn tentacle grabs you.
The starspawn tentacle constricts you. 😕 HP[-2]
You take 2 damage, and now have 12/14 hp.
The starspawn tentacle's grasp on you weakens, but your attempt to escape fails.
The starspawn tentacle constricts you.
Something loses its grip on you. 😮 HP[-2]
You take 2 damage, and now have 10/14 hp.
The starspawn tentacle grabs you. The starspawn tentacle constricts you.
* * * LOW HITPOINT WARNING * * *
😨 HP[-3]
You take 3 damage, and now have 7/14 hp.
MASSIVE DAMAGE!! (PAUSE)
You escape the starspawn tentacle's grasp.
The starspawn tentacle closely misses you.
You enter the shallow water.
Moving in this stuff is going to be slow.
The starspawn tentacle grabs you. The starspawn tentacle constricts you.
* * * LOW HITPOINT WARNING * * *
😨 HP[-2]
You take 2 damage, and now have 5/14 hp.
You escape the starspawn tentacle's grasp.
The starspawn tentacle grabs you. The starspawn tentacle constricts you.
* * * LOW HITPOINT WARNING * * *
😱 HP[-2]
You take 2 damage, and now have 3/14 hp.
You escape the starspawn tentacle's grasp.
You enter the shallow water.
Moving in this stuff is going to be slow. 😨 HP[+1]
A large abomination comes into view.
Aiming: Charm
Press: ? - help, Shift-Dir - straight line, f - large abomination
Aim: a large abomination (chance to affect: 1%)
Okay, then.
You see here 4 atropa-tipped darts.
Aiming: Charm
Press: ? - help, Shift-Dir - straight line, f - large abomination
Aim: a large abomination (chance to affect: 1%)
The large abomination resists with almost no effort.
Aiming: Charm
Press: ? - help, Shift-Dir - straight line, f/p - large abomination
Aim: a large abomination (chance to affect: 1%)
The large abomination resists with almost no effort. 😨 HP[+1]
Aiming: Charm
Press: ? - help, Shift-Dir - straight line, f/p - large abomination
Aim: a large abomination (chance to affect: 1%)
The large abomination resists with almost no effort.
The large abomination misses you.
Aiming: Charm
Press: ? - help, Shift-Dir - straight line, f/p - large abomination
Aim: a large abomination (chance to affect: 1%)
The large abomination resists with almost no effort.
The large abomination closely misses you.
A tentacle flies out from the starspawn's body!
A starspawn tentacle comes into view.
Aiming: Charm
Press: ? - help, Shift-Dir - straight line, f/p - large abomination
Aim: a large abomination (chance to affect: 1%)
The large abomination resists with almost no effort.
The large abomination hits you!!
Ouch! That really hurt!
You die...

Action                   || total
-------------------------++-------
Evoke: Wand              ||     5
  Use: Scroll            ||     1
Dodge: Dodged            ||     3

Levels and vault maps discovered:
Abyss:5:  base: Temple, evilmike_abyss_exit_8,
          evilmike_abyss_rune_siren_acolytes, evilmike_abyss_exit_4,
          evilmike_abyss_rune_siren_acolytes, evilmike_abyss_exit_4

Notes
Turn   | Place    | Note
-------+----------+-------------------------------------------
     0 | Abyss:1  | spiderkeys the Tengu Abyssal Knight began the quest for the
                  | Orb.
     0 | Abyss:1  | Reached XP level 1. HP: 14/14 MP: 3/3
     0 | Abyss:1  | magus.rc [v1.9.10]
     3 | Abyss:1  | Found a corrupted altar of Lugonu.
    72 | Abyss:2  | Found a corrupted altar of Lugonu.
    96 | Abyss:2  | Noticed a large abomination
   142 | Abyss:5  | Entered Level 5 of the Abyss
   145 | Abyss:5  | Noticed a tentacled starspawn
   145 | Abyss:5  | Noticed a large abomination
   155 | Abyss:5  | HP: 3/14 [constriction[a tentacled starspawn] (2)]
   177 | Abyss:5  | Noticed a large abomination
   201 | Abyss:5  | Annihilated by a large abomination

Vanquished Creatures (others)
  4 starspawn tentacles (Abyss:5)
4 creatures vanquished.

Table legend:
 A = Non-vault XP
 B = Vault XP
 C = Vault XP percentage of total XP
 D = Non-vault monster count
 E = Vault monster count
 F = Vault count percentage of total count
                 A         B        C        D         E       F
            +---------+---------+-------+---------+---------+-------
      Total |       0 |       0 |   N/A |       0 |       0 |  -nan
            +---------+---------+-------+---------+---------+-------
            +---------+---------+-------+---------+---------+-------

Illustrated notes

Table legend: (Time is in decaauts)
 A = Elapsed time spent in this place.
 B = Non-inter-level travel time spent in this place.
 C = Inter-level travel time spent in this place.
 D = Time resting spent in this place.
 E = Time spent auto-exploring this place.
 F = Levels seen in this place.
 G = Mean time per level.
                   A        B        C        D        E       F      G
               +--------+--------+--------+--------+--------+-----+--------+
         Total |    202 |    202 |      0 |      0 |      3 |   5 |   40.4 |
         Abyss |    202 |    202 |      0 |      0 |      3 |   5 |   40.4 |
               +--------+--------+--------+--------+--------+-----+--------+

Top non-repeatable levels by time:
 Abyss:1: 66 daAuts
 Abyss:5: 59 daAuts
 Abyss:2: 32 daAuts
 Abyss:3: 21 daAuts
 Abyss:4: 21 daAuts
